 Dungeon Crawl Stone Soup version 0.26-a0-658-gbdda728c12 (webtiles) character file.

Game seed: 3316085226589593308

214 miket3c the Chopper (level 5, 0/47 HPs)
             Began as a Minotaur Berserker on Oct 4, 2020.
             Was a Priest of Trog.
             Slain by a worm (6 damage)
             ... on level 3 of the Dungeon.
             The game lasted 00:06:06 (2152 turns).

miket3c the Chopper (Minotaur Berserker)            Turns: 2152, Time: 00:06:06

Health: 0/47       AC:  6    Str: 22    XL:     5   Next: 60%
Magic:  4/4        EV: 11    Int:  4    God:    Trog [***...]
Gold:   184        SH:  0    Dex: 10    Spells: 4/4 levels left

rFire    . . .     SeeInvis .   a - +0 hand axe
rCold    . . .     Faith    .   (no shield)
rNeg     . . .     Spirit   .   c - +0 scale mail
rPois    .         Reflect  .   (helmet restricted)
rElec    .         Harm     .   (no cloak)
rCorr    .         Rampage  .   (no gloves)
MR       .....                  (no boots)
Stlth    ..........             (no amulet)
HPRegen  0.15/turn              (no ring)
MPRegen  0.09/turn              (no ring)

@: no status effects
A: retaliatory headbutt, horns 2
a: Berserk, Trog's Hand, Renounce Religion


You were on level 3 of the Dungeon.
You worshipped Trog.
Trog was most pleased with you.
You visited 1 branch of the dungeon, and saw 3 of its levels.

You collected 184 gold pieces.

Inventory:

Hand Weapons
 a - a +0 hand axe (weapon)
Missiles
 f - 203 stones (quivered)
Armour
 b - a +0 animal skin
 c - a +0 scale mail (worn)
Scrolls
 d - 3 scrolls of teleportation {unknown}
 e - 3 scrolls of identify
 k - 2 scrolls of remove curse {unknown}
 m - a scroll of blinking {unknown}
Potions
 g - a potion of cancellation
 h - 2 potions of curing {unknown}
 i - a potion of heal wounds {unknown}
 j - 2 potions of might {unknown}
 l - a potion of invisibility {unknown}


   Skills:
 + Level 4.9 Fighting
 * Level 6.2 Axes
 + Level 3.4 Armour
 + Level 2.6 Dodging


You had 4 spell levels left.
You didn't know any spells.
Your spell library was empty.

Dungeon Overview and Level Annotations

Branches:
Dungeon (3/15)

Altars:
Dithmenos
Fedhas
Hepliaklqana
Kikubaaqudgha
Qazlal
Sif Muna
The Shining One


Innate Abilities, Weirdness & Mutations

You reflexively headbutt those who attack you in melee.
You have a pair of horns on your head.


Message History

The gnoll closely misses you. The gnoll hits you but does no damage.
Items here: $ ( ) †.
You barely miss the gnoll. The gnoll hits you with a +0 spear.
You hit the gnoll but do no damage. Your headbutt misses the gnoll.
You hit the worm. The gnoll hits you but does no damage.
You closely miss the gnoll. You hit the worm but do no damage.
The gnoll hits you with a +0 spear.
* * * LOW HITPOINT WARNING * * *
The worm bites you.
* * * LOW HITPOINT WARNING * * *
You slash the gnoll!
The gnoll is severely wounded.
You hit the worm. The gnoll hits you but does no damage.
You closely miss the gnoll.
The gnoll is severely wounded.
You hit the worm. The gnoll hits you with a +0 spear.
* * * LOW HITPOINT WARNING * * *
The worm bites you.
You die...

.... #... ...#..
.....## ..... ####
....#. ######### ##
... ..##........ # #.
.. ...........
..##.#.#.# #.........
......wg.# ##........
#..##@# #......†.
#...).###### #........
####!....).###........
#.#####..##........
... ##..#........
..... ##..........
#..... ##########.
#..... #. ###### ##


You could see a worm and a gnoll.

Vanquished Creatures
  A worker ant (D:2)
  7 gnolls
  3 adders (D:2)
  An ooze (D:2)
  A worm (D:2)
  2 leopard geckos
  2 orcs (D:3)
  8 bats
  4 giant cockroaches
  15 hobgoblins
  10 jackals
  3 quokkas
  A ball python (D:2)
  5 frilled lizards
  11 goblins
  4 kobolds
  4 rats
82 creatures vanquished.

Notes
Turn   | Place    | Note
-------+----------+-------------------------------------------
     0 | D:1      | miket3c the Minotaur Berserker began the quest for the Orb.
     0 | D:1      | Reached XP level 1. HP: 19/19 MP: 0/0
   124 | D:1      | Reached skill level 4 in Axes
   124 | D:1      | Reached XP level 2. HP: 27/27 MP: 1/1
   825 | D:2      | Reached XP level 3. HP: 33/33 MP: 2/2
   828 | D:2      | Reached ** piety under Trog
   831 | D:2      | Reached skill level 5 in Axes
   832 | D:2      | Reached XP level 4. HP: 31/41 MP: 3/3
  1428 | D:2      | Reached XP level 5. HP: 44/47 MP: 4/4
  1791 | D:2      | Found a shimmering blue altar of Sif Muna.
  1792 | D:2      | Found an ancient bone altar of Kikubaaqudgha.
  1792 | D:2      | Found a glowing golden altar of the Shining One.
  1796 | D:2      | Found a shadowy altar of Dithmenos.
  1796 | D:2      | Found a hazy altar of Hepliaklqana.
  1797 | D:2      | Found a stormy altar of Qazlal.
  1824 | D:2      | Found a blossoming altar of Fedhas.
  1883 | D:3      | Reached *** piety under Trog
  1886 | D:3      | Reached skill level 6 in Axes
  2152 | D:3      | Slain by a worm

Illustrated notes

Levels and vault maps discovered:
D:1:      dpeg_arrival_arbitrary_c, layout_basic, minmay_door_square
D:2:      layout_rooms, grunt_temple_overflow_open, fedhas_altar_1
D:3:      layout_rooms

Skill      XL: |  1  2  3  4  5 |
---------------+----------------+-----
Axes           | 4 5 6 |  6.2
Fighting       | 4 |  4.9
Armour         | 3 |  3.4
Dodging        | |  2.6

Action                   |  1- 3 |  4- 6 || total
-------------------------+-------+-------++-------
Melee: Hand axe          |    54 |   112 ||   166
       Headbutt          |     9 |    20 ||    29
Invok: Berserk           |     1 |       ||     1
  Use: Scroll            |     1 |       ||     1
Armor: Scale mail        |    28 |    49 ||    77
Dodge: Dodged            |    33 |    66 ||    99

Table legend: (Time is in decaauts)
 A = Elapsed time spent in this place.
 B = Non-inter-level travel time spent in this place.
 C = Inter-level travel time spent in this place.
 D = Time resting spent in this place.
 E = Time spent auto-exploring this place.
 F = Levels seen in this place.
 G = Mean time per level.
                   A        B        C        D        E       F      G
               +--------+--------+--------+--------+--------+-----+--------+
         Total |   2165 |   2122 |     43 |    583 |   1144 |   3 |  721.7 |
       Dungeon |   2165 |   2122 |     43 |    583 |   1144 |   3 |  721.7 |
               +--------+--------+--------+--------+--------+-----+--------+

Top non-repeatable levels by time:
     D:1: 1075 daAuts
     D:2: 813 daAuts
     D:3: 276 daAuts
